 Dungeon Crawl Stone Soup version 0.30.1-3-gfc49f6343a (webtiles) character file.

Game seed: 704458856821003660

40 Atelerd the Sneak (level 3, -2/21 HPs)
             Began as an Octopode Earth Elementalist on July 24, 2023.
             Slain by a goblin
             ... wielding a +0 dagger
              (3 damage)
             ... on level 2 of the Dungeon.
             The game lasted 00:00:39 (886 turns).

Atelerd the Sneak (Octopode Earth Elementalist)      Turns: 886, Time: 00:00:40

Health: -2/21      AC:  1    Str:  5    XL:     3   Next: 50%
Magic:  4/6        EV: 13    Int: 17    God:
Gold:   106        SH:  0    Dex: 14    Spells: 5/6 levels left

rFire   . . .        d - +0 dagger
rCold   . . .        (no shield)
rNeg    . . .        (helmet restricted)
rPois   .            (no amulet)
rElec   .            g - ring of resist corrosion
rCorr   +            (no ring)
SInv    .            (no ring)
Will    +....        (no ring)
Stlth   +++          (no ring)
HPRegen 0.23/turn    (no ring)
MPRegen 0.10/turn    (no ring)
                     (no ring)

%: no passive effects
@: flying
A: almost no armour, amphibious, 8 rings, camouflage 1, gelatinous body 1,
(nimble swimmer 1), tentacles, strong-willed 1, weak 1
a: no special abilities


You were on level 2 of the Dungeon.
You visited 1 branch of the dungeon, and saw 2 of its levels.

You collected 106 gold pieces.

Inventory:

Hand Weapons
 d - a +0 dagger (weapon)
Jewellery
 g - a ring of resist corrosion (left tentacle)
Scrolls
 e - 3 scrolls of identify {unknown}
 f - 2 scrolls of teleportation {unknown}
Potions
 a - a potion of magic
 b - a potion of mutation


   Skills:
 + Level 2.4 Dodging
 + Level 3.3 Stealth
 + Level 2.3 Spellcasting
 + Level 1.6 Transmutations
 + Level 3.3 Earth Magic


You had 5 spell levels left.
You knew the following spells:

 Your Spells              Type           Power      Damage    Failure   Level
a - Sandblast             Erth           26%        2d8       4%          1

Your spell library contained the following spells:

 Spells                   Type           Power      Damage    Failure   Level
 Passwall                 Tmut/Erth      8%         N/A       11%         2
 Stone Arrow              Conj/Erth      14%        3d7       28%         3
 Hailstorm                Conj/Ice       1%         3d3       50%         3
 Petrify                  Tmut/Erth      10%        N/A       56%         4
 Ice Form                 Ice/Tmut       4%         N/A       80%         4
 Simulacrum               Ice/Necr       0%         N/A       100%        6


Dungeon Overview and Level Annotations

Branches:
Dungeon (2/15)

Altars:


Innate Abilities, Weirdness & Mutations

You cannot wear most types of armour.
You are amphibious.
You can wear up to eight rings at the same time.
Your skin changes colour to match your surroundings (Stealth+).
Your rubbery body absorbs attacks. (AC +1, EV +1)
((You are camouflaged when in or above water. (Stealth+)))
You have tentacles for arms and can constrict up to eight enemies at once.
You are strong-willed. (Will+)
You are weak. (Str -2)


Message History

You constrict the adder.
You feel sick. The adder misses you. The endoplasm freezes you.
You are frozen.
The adder bites you.
You are more poisoned.
The adder poisons you!
You release your grip on the adder.
The endoplasm attacks as you move away! The endoplasm barely misses you.
You feel sick.
You feel sick.
You see here a book of Geomancy.
It was a potion of mutation.
You feel extremely strange.
You feel weaker.
You feel strong-willed.
You feel sick. The adder barely misses you.
It was a potion of flight.
You feel very buoyant.
You fly up into the air.
You feel sick. The adder closely misses you. The adder bites you.
* * * LOW HITPOINT WARNING * * *
* * * LOW HITPOINT WARNING * * *
You feel sick.
Casting: Sandblast (safe; 4% risk of failure)
Confirm with . or Enter, or press ? or * to list all spells.
Aiming: Sandblast (safe; 4% risk of failure)
Press: ? - help, Shift-Dir - straight line, f/p - adder
Aim: an adder (almost dead, 70% to hit)
The blast of sand hits the adder.
The adder is almost dead.
* * * LOW HITPOINT WARNING * * *
You feel sick.
You are no longer poisoned.
The adder barely misses you. The adder bites you but does no damage.
Unknown command.
Casting: Sandblast (safe; 4% risk of failure)
Confirm with . or Enter, or press ? or * to list all spells.
Aiming: Sandblast (safe; 4% risk of failure)
Press: ? - help, Shift-Dir - straight line, f/p - adder
Aim: an adder (almost dead, 70% to hit)
The blast of sand hits the adder!
You kill the adder!
The goblin hits you with a +0 dagger.
You die...

#.#.# #.# #.#
#.#.# #.# #.#
#.#.###.# #.#
..#....... #.#
..#.. .....####
#.# .....
........###.# #.
#.....#
#.###.####..####
.......lg@.##
#.##.###.##.#
........J...#
#.#.##.#.##.#
.....##.#
(..#.#....#
#..?...#.##.#
.... #...# .#
##. #.#.#


You could see a goblin and a frilled lizard.

Vanquished Creatures
  2 adders (D:2)
  3 ball pythons
  A bat (D:1)
  2 giant cockroaches (D:1)
  3 goblins (D:1)
  7 hobgoblins
  4 jackals (D:1)
  A frilled lizard (D:1)
  2 kobolds
  3 rats
28 creatures vanquished.

Notes
Turn   | Place    | Note
-------+----------+-------------------------------------------
     0 | D:1      | Atelerd the Octopode Earth Elementalist began the quest for
                  | the Orb.
     0 | D:1      | Reached XP level 1. HP: 11/11 MP: 3/3
   145 | D:1      | Reached XP level 2. HP: 17/17 MP: 0/5
   541 | D:1      | Reached XP level 3. HP: 21/21 MP: 4/6
   599 | D:2      | Found a faded altar of an unknown god.
   882 | D:2      | Gained mutation: You are weak. (Str -2) [potion of
                  | mutation]
   882 | D:2      | Gained mutation: You are strong-willed. (Will+) [potion of
                  | mutation]
   885 | D:2      | HP: 1/21 [poisoned by an adder]
   886 | D:2      | Slain by a goblin

Illustrated notes

Levels and vault maps discovered:
D:1:      scummos_arrival_simple_crosswalls, layout_rooms,
          minmay_misc_feat_enclosed
D:2:      layout_basic, serial_shops, shop, dreamdust_ecumenical_altar_statues,
          basic_altar, minmay_diced_spiral

Skill      XL: |  1  2 |
---------------+-------+-----
Stealth        | 3 |  3.3
Dodging        | |  2.4
Spellcasting   | |  2.3
Transmutations | |  1.6
Earth Magic    | |  3.3

Action                     || total
---------------------------++-------
  Melee: Constrict         ||     6
         Unarmed           ||     1
         Dagger            ||    10
         Tentacles         ||     5
   Cast: Sandblast         ||    32
    Use: Potion            ||     2
   Stab: Sleeping          ||     1
 Armour: Skin              ||     1
  Dodge: Dodged            ||    15
